 Dungeon Crawl Stone Soup version 0.26-b1-32-g5d43845318 (webtiles) character file.

Game seed: 8399259988784549051

1755 MajorAdolf the Skirmisher (level 9, -1/79 HPs)
             Began as a Naga Wanderer on Jan 10, 2021.
             Was an Initiate of Gozag.
             Killed themself with a badly aimed iceblast (14 damage)
             ... on level 6 of the Dungeon.
             The game lasted 00:12:52 (8253 turns).

MajorAdolf the Skirmisher (Naga Wanderer)           Turns: 8253, Time: 00:12:53

Health: -1/79      AC: 10    Str: 18    XL:     9   Next: 6%
Magic:  12/12      EV: 10    Int: 11    God:    Gozag
Gold:   228        SH:  6    Dex: 12    Spells: 11/12 levels left

rFire    . . .     SeeInvis +   j - +0 war axe
rCold    . . .     Faith    .   o - +2 buckler
rNeg     . . .     Spirit   .   a - +2 ring mail {Will+}
rPois    +         Reflect  .   i - +0 helmet
rElec    .         Harm     .   (no cloak)
rCorr    .         Rampage  .   s - +0 pair of gloves
Will     ++...                  (no barding)
Stlth    +.........             (no amulet)
HPRegen  0.23/turn              (no ring)
MPRegen  0.13/turn              (no ring)

@: short of breath, gold aura, very slow
A: large, see invisible, deformed body, poison resistance, slowness 2, spit
poison 1, AC +3
a: Spit Poison, Renounce Religion, Potion Petition, Call Merchant, Bribe Branch


You were on level 6 of the Dungeon.
You worshipped Gozag.
Gozag was aware of your devotion.
You visited 2 branches of the dungeon, and saw 7 of its levels.

You collected 331 gold pieces.
You paid 103 gold pieces to Gozag.

Inventory:

Hand Weapons
 j - a +0 war axe (weapon)
 l - a +0 dagger of electrocution
 n - a +2 dagger of pain
 A - a +0 hand axe
Armour
 a - a +2 ring mail of willpower (worn)
 i - a +0 helmet (worn)
 o - a +2 buckler (worn)
 s - a +0 pair of gloves (worn)
Jewellery
 p - an uncursed amulet of guardian spirit {unknown}
 D - a cursed ring of teleportation {unknown}
Wands
 y - a wand of random effects (18)
 B - a wand of flame (17)
Scrolls
 d - 4 scrolls of teleportation
 e - a scroll of amnesia {unknown}
 g - a scroll of enchant weapon {unknown}
 k - a scroll of magic mapping {unknown}
 m - 5 scrolls of remove curse {unknown}
 r - 4 scrolls of identify {unknown}
 v - 2 scrolls of fog {unknown}
Potions
 b - a potion of brilliance {unknown}
 c - 2 potions of mutation {unknown}
 f - 6 potions of curing {unknown}
 h - a potion of degeneration {unknown}
 q - 2 potions of might {unknown}
 t - a potion of attraction {unknown}
 u - 2 potions of invisibility {unknown}
 w - 2 potions of flight {unknown}
 x - 3 potions of haste {unknown}
 z - a potion of lignification {unknown}
 C - a potion of berserk rage {unknown}


   Skills:
 + Level 4.7 Fighting
 + Level 3.0 Axes
 + Level 3.9 Armour
 + Level 3.9 Dodging
 - Level 1.5 Stealth
 + Level 3.4 Shields
 - Level 2.0 Spellcasting
 - Level 4.0 Hexes
 - Level 2.0 Air Magic
 + Level 4.7 Evocations


You had 11 spell levels left.
You knew the following spells:

 Your Spells              Type           Power        Failure   Level
a - Freeze                Ice            4%           45%         1

Your spell library contained the following spells:

 Spells                   Type           Power        Failure   Level
 Poisonous Vapours        Pois/Air       6%           45%         2
 Mephitic Cloud           Conj/Pois/Air  2%           75%         3
 Conjure Flame            Conj/Fire      1%           83%         3
 Frozen Ramparts          Ice            2%           83%         3
 Freezing Cloud           Conj/Ice/Air   1%           100%        6


Dungeon Overview and Level Annotations

Branches:
Dungeon (6/15)             Temple (1/1) D:6

Altars:
Ashenzari
Cheibriados
Dithmenos
Elyvilon
Fedhas
Gozag
Hepliaklqana
Kikubaaqudgha
Makhleb
Nemelex Xobeh
Okawaru
Qazlal
Ru
Sif Muna
Uskayaw
Vehumet
Wu Jian
Xom
Yredelemnul
Zin
The Shining One

Annotations:
D:2 1 runed translucent door, Crazy Yiuf
D:4 2 transporters, jmlagarto's ghost, novice HaMo


Innate Abilities, Weirdness & Mutations

You cannot wear boots.
Your serpentine skin is tough. (AC +3)
You have supernaturally acute eyesight. (SInv)
Armour fits poorly on your strangely shaped body.
Your system is resistant to poisons. (rPois)
You cover ground very slowly.
You can spit poison.


Message History

Nothing appears to happen.
You block the orc warrior's attack.
Unknown command.
Evoke which item? (* to show all) (? for menu, Esc to quit)
Aiming: Random Effects
Press: ? - help, Shift-Dir - straight line, f/p - orc warrior
Aim: an orc warrior, wielding a +0 scimitar and wearing a +0 plate armour (almost dead, slightly transparent) Nothing appears to happen.
You hear a shout!
The orc warrior hits you with a +0 scimitar.
* * * LOW HITPOINT WARNING * * *
Unknown command.
Evoke which item? (* to show all) (? for menu, Esc to quit)
Aiming: Random Effects
Press: ? - help, Shift-Dir - straight line, f/p - orc warrior
Aim: an orc warrior, wielding a +0 scimitar and wearing a +0 plate armour (almost dead, slightly transparent)
The mass of ice explodes!
The iceblast engulfs the orc warrior!
You kill the orc warrior!
The iceblast engulfs you!
You die...
Your body crumbles into a pile of gold.

## #...# .# #####.#.# .#
...#.#.# .# # #.#.#.# #...# .#
#.#...#.# ....+ .. .# #.#...#.#
...o #. .# #.......# .o.$ #.
.########.#.######### oo #.
..........#.....@$oo# o# #.
###################o####.# #.
...#...........(.##..o...# #.
####.............#########
#####. ...#.............#
...<... ##.#..(.#####....#
####### #.#......#......# #
#.#......#......### ###
#.'..#########..'.############..


You could see 3 orcs.

Vanquished Creatures
  Sigmund (D:6)
  A sky beast (D:5)
  2 ice beasts
  An orc warrior (D:6)
  2 ogres
  2 centaurs
  5 scorpions
  A howler monkey (D:4)
  A centaur zombie (D:5)
  2 hounds (D:6)
  A jelly (D:5)
  2 orc priests
  Jessica (D:3)
  4 worker ants
  4 orc wizards
  3 hound skeletons
  A worker ant zombie (D:5)
  4 gnolls
  8 adders
  An ufetubus (D:5)
  An ooze (D:3)
  2 adder zombies
  An adder skeleton (D:4)
  2 worms
  2 dart slugs (D:2)
  3 leopard geckos
  25 orcs
  6 giant cockroaches
  7 goblins
  10 hobgoblins
  7 kobolds
  A quokka (D:6)
  2 ball pythons
  8 bats
  10 frilled lizards
  8 rats
142 creatures vanquished.

Vanquished Creatures (others)
  A plant (D:2)
1 creature vanquished.

Grand Total: 143 creatures vanquished

Notes
Turn   | Place    | Note
-------+----------+-------------------------------------------
     0 | D:1      | MajorAdolf the Naga Wanderer began the quest for the Orb.
     0 | D:1      | MajorAdolf set off with the following items: a +2 dagger, a
                  | potion of heal wounds, a scroll of teleportation, a +0
                  | robe; and the following spell memorised: Freeze; and the
                  | following spells available to memorise: Frozen Ramparts
     0 | D:1      | Reached XP level 1. HP: 15/15 MP: 3/3
   405 | D:1      | Reached XP level 2. HP: 21/24 MP: 5/5
   460 | D:1      | Found a shadowy altar of Dithmenos.
   859 | D:1      | Reached skill level 1 in Fighting
  1228 | D:2      | Reached skill level 1 in Armour
  1228 | D:2      | Reached skill level 1 in Dodging
  1253 | D:3      | Reached XP level 3. HP: 20/31 MP: 6/6
  1380 | D:3      | Noticed Jessica
  1382 | D:3      | Killed Jessica
  1383 | D:3      | Reached XP level 4. HP: 38/38 MP: 7/7
  1971 | D:2      | Found a runed translucent door.
  1972 | D:2      | Noticed Crazy Yiuf
  2077 | D:2      | Reached XP level 5. HP: 29/45 MP: 8/8
  2191 | D:2      | Found a faded altar of an unknown god.
  2997 | D:2      | Reached skill level 1 in Shields
  3677 | D:4      | Reached XP level 6. HP: 54/55 MP: 9/9
  3731 | D:4      | Noticed jmlagarto's ghost (novice HaMo)
  3732 | D:4      | Found a transporter.
  3732 | D:4      | Found a transporter.
  3932 | D:4      | Reached XP level 7. HP: 62/62 MP: 10/10
  4626 | D:4      | HP: 3/62 [poisoned by a worker ant]
  4633 | D:4      | HP: 3/62 [poisoned by a worker ant]
  5164 | D:5      | Entered Level 5 of the Dungeon
  5377 | D:5      | Reached skill level 1 in Axes
  5776 | D:5      | Reached XP level 8. HP: 50/72 MP: 11/11
  7447 | D:6      | Found a staircase to the Ecumenical Temple.
  7453 | Temple   | Entered the Ecumenical Temple
  7687 | Temple   | Became a worshipper of Gozag Ym Sagoz the Greedy
  7954 | D:6      | Noticed Sigmund
  7965 | D:6      | Killed Sigmund
  7966 | D:6      | Reached XP level 9. HP: 66/79 MP: 12/12
  8253 | D:6      | Killed themself with a badly aimed iceblast

Illustrated notes

Levels and vault maps discovered:
D:1:      dpeg_arrival_shrine, layout_loops_ring, minmay_hexomino_r4
D:2:      layout_basic, chequers_ecumenical_altar_lobes, uniq_crazy_yiuf_cottage
D:3:      layout_rooms, minmay_fractal_squares_5, uniq_jessica
D:4:      layout_loops_cross, gammafunk_ghost_arena
D:5:      layout_basic
D:6:      layout_basic, minmay_temple_entry_offerings, minmay_stone_trees_small,
          hangedman_decor_opposing, kennysheep_generic_room_16, uniq_sigmund
Temple:   roderic_octagonal_lattice_temple

Skill      XL: |  1  2  3  4  5  6  7  8  9 |
---------------+----------------------------+-----
Fighting       | 1 2 3 4 |  4.7
Armour         | 1 2 3 |  3.9
Dodging        | 1 2 3 |  3.9
Evocations     | 2 3 4 |  4.7
Shields        | 1 2 3 |  3.4
Axes           | 1 2 3 |  3.0
Stealth        | |  1.5
Spellcasting   | |  2.0
Hexes          | |  4.0
Air Magic      | |  2.0

Action                   |  1- 3 |  4- 6 |  7- 9 || total
-------------------------+-------+-------+-------++-------
Melee: Dagger            |    52 |   238 |    53 ||   343
       War axe           |       |       |   269 ||   269
       Hand axe          |       |       |    56 ||    56
 Cast: Freeze            |     1 |       |     1 ||     2
 Abil: Spit Poison       |     8 |    12 |     8 ||    28
Evoke: Wand              |       |       |     4 ||     4
  Use: Potion            |       |     1 |       ||     1
       Scroll            |       |     1 |       ||     1
 Stab: Sleeping          |     1 |     1 |       ||     2
Armor: Robe              |     9 |       |       ||     9
       Ring mail         |    20 |   118 |   166 ||   304
       Chain mail        |       |       |    17 ||    17
Dodge: Dodged            |    28 |    93 |   172 ||   293
Block: Buckler           |       |    67 |   101 ||   168
